 Dungeon Crawl Stone Soup version 0.29.1-15-g9cfb28693d (webtiles) character file.

Game seed: 1452707373603585835

205 Ast3rio the Ducker (level 6, 0/40 HPs)
             Began as a Djinni Necromancer on Mar 14, 2023.
             Slain by Crazy Yiuf
             ... wielding a +4 quarterstaff of chaos
              (18 damage)
             ... on level 2 of the Dungeon.
             The game lasted 00:03:04 (2391 turns).

Ast3rio the Ducker (Djinni Necromancer)             Turns: 2391, Time: 00:03:06

Health: 0/40       AC:  2    Str:  7    XL:     6   Next: 9%
Gold:   116        EV: 13    Int: 19    God:
                   SH:  0    Dex: 13

rFire   + + .      SeeInvis .   (no weapon)
rCold   x . .      Faith    .   (no shield)
rNeg    . . .      Spirit   .   a - +0 robe
rPois   ∞          Reflect  .   (no helmet)
rElec   .          Harm     .   (no cloak)
rCorr   .          Rampage  .   (no gloves)
Will    .....                   (boots unavailable)
Stlth   ++........              (no amulet)
HPRegen 0.13/turn               (no ring)
MPRegen 0.00/turn               (no ring)

@: flying, invisible
A: sickness immunity, fire resistance 2, cold vulnerability 1, float, innate
caster, HP casting, extra vitality 1
a: no special abilities


You were on level 2 of the Dungeon.
You visited 1 branch of the dungeon, and saw 2 of its levels.

You collected 116 gold pieces.

Inventory:

Armour
 a - a +0 robe (worn)
Scrolls
 c - a scroll of vulnerability {unknown}
 e - 2 scrolls of blinking {unknown}
 f - 2 scrolls of noise {unknown}
Potions
 b - a potion of berserk rage {unknown}
 d - a potion of flight {unknown}
 g - a potion of attraction {unknown}
 h - a potion of heal wounds {unknown}


   Skills:
 + Level 4.1 Dodging
 + Level 3.2 Stealth
 + Level 4.0 Spellcasting


You couldn't memorise any spells.
You knew the following spells:

 Your Spells              Type           Power      Damage    Failure   Level
a - Necrotise             Necr           76%        1d7       2%          1
b - Vampiric Draining     Necr           19%        2d7       8%          3
c - Animate Dead          Necr           19%        N/A       26%         4
d - Agony                 Necr           19%        N/A       56%         5
e - Summon Small Mammal   Summ           76%        N/A       2%          1
f - Poisonous Vapours     Pois/Air       38%        N/A       3%          2
Your spell library was empty.

Dungeon Overview and Level Annotations

Branches:
Dungeon (2/15)

Altars:

Annotations:
D:2 Crazy Yiuf


Innate Abilities, Weirdness & Mutations

You are immune to sickness and miasma.
You are immune to poison.
Your flesh is very heat resistant. (rF++)
You are vulnerable to cold. (rC-)
You float through the air rather than walking.
You learn spells naturally, not from books.
Your magical power is your life essence.
You have superior vitality. (+4 MHP)


Message History

h - an emerald potion You now have 103 gold pieces (gained 8).
You now have 116 gold pieces (gained 13).
You see here an amulet of magic regeneration.
Found a hammer.
Found a runed translucent door.
You see here an amulet of magic regeneration.
You see here an amulet of magic regeneration.
You reach down and open the door.
Crazy Yiuf writhes in agony.
Crazy Yiuf yells, "Aardvark!
Liver spinner leg."
Crazy Yiuf hits you with a +4 quarterstaff of chaos!
Crazy Yiuf writhes in agony.
Crazy Yiuf hits you with a +4 quarterstaff of chaos!
You fade into invisibility!
Crazy Yiuf writhes in agony.
Crazy Yiuf barely misses you.
You are too injured to fight recklessly!
You are too injured to fight recklessly!
You are too injured to fight recklessly!
Casting: Necrotise (safe; 2% risk of failure)
Confirm with . or Enter, or press ? or * to list all spells.
Aiming: Necrotise (safe; 2% risk of failure)
Press: ? - help, Shift-Dir - straight line, f/p - Crazy Yiuf
Aim: Crazy Yiuf, wielding a +4 quarterstaff of chaos and wearing a +0 cloak (severely wounded, unable to see you, chance to affect: 84%) Crazy Yiuf writhes in agony.
Crazy Yiuf barely misses you.
Casting: Necrotise (safe; 2% risk of failure)
Confirm with . or Enter, or press ? or * to list all spells.
Aiming: Necrotise (safe; 2% risk of failure)
Press: ? - help, Shift-Dir - straight line, f/p - Crazy Yiuf
Aim: Crazy Yiuf, wielding a +4 quarterstaff of chaos and wearing a +0 cloak (severely wounded, wandering, unable to see you, hasn't noticed you, chance to affect: 84%) Crazy Yiuf shouts!
Crazy Yiuf barely resists.
Crazy Yiuf barely misses you.
Unknown command.
Casting: Necrotise (safe; 2% risk of failure)
Confirm with . or Enter, or press ? or * to list all spells.
Aiming: Necrotise (safe; 2% risk of failure)
Press: ? - help, Shift-Dir - straight line, f/p - Crazy Yiuf
Aim: Crazy Yiuf, wielding a +4 quarterstaff of chaos and wearing a +0 cloak (severely wounded, unable to see you, chance to affect: 84%) Crazy Yiuf barely resists.
Crazy Yiuf hits you with a +4 quarterstaff of chaos!!
You die...

..####### #.......#
...# #.......# ##.#
#.####### #.# ### ##.#
##.# ##.#######♣♣ ###
#..."......♣♣ ♣♣#..)#
######....♣.♣♣♣♣@g...#
# ##......♣..♣#...# #
##....♣.♣♣♣ ###
###♣♣♣♣♣


You could see Crazy Yiuf (unable to see you).

Vanquished Creatures
  2 dart slugs (D:1)
  4 endoplasms (D:1)
  A giant cockroach (D:1)
  A goblin (D:2)
  A hobgoblin (D:1)
  4 jackals (D:1)
  2 quokkas
  9 ball pythons
  3 bats (D:1)
  A frilled lizard (D:1)
  5 kobolds
  2 rats
35 creatures vanquished.

Vanquished Creatures (collateral kills)
  Sigmund (D:2)
  A dart slug (D:1)
  2 goblins (D:1)
4 creatures vanquished.

Grand Total: 39 creatures vanquished

Notes
Turn   | Place    | Note
-------+----------+-------------------------------------------
     0 | D:1      | Ast3rio the Djinni Necromancer began the quest for the Orb.
     0 | D:1      | Ast3rio set off with the following spells memorised:
                  | Necrotise, Vampiric Draining, Animate Dead, Agony.
     0 | D:1      | Reached XP level 1. HP: 15/15 MP: 0/0
   473 | D:1      | Reached XP level 2. HP: 17/21 MP: 0/0
   577 | D:1      | Reached XP level 3. HP: 15/25 MP: 0/0
   577 | D:1      | Learned a level 1 spell: Summon Small Mammal
  1486 | D:2      | Found a faded altar of an unknown god.
  1489 | D:2      | Noticed Sigmund
  1507 | D:2      | Killed Sigmund
  1508 | D:2      | Reached XP level 4. HP: 11/31 MP: 0/0
  1508 | D:2      | Reached XP level 5. HP: 12/35 MP: 0/0
  1508 | D:2      | Learned a level 2 spell: Poisonous Vapours
  1508 | D:2      | Reached XP level 6. HP: 14/40 MP: 0/0
  2281 | D:2      | Found a runed translucent door.
  2282 | D:2      | Noticed Crazy Yiuf
  2391 | D:2      | Slain by Crazy Yiuf

Illustrated notes

Levels and vault maps discovered:
D:1:      dpeg_arrival_erosion, layout_basic
D:2:      layout_basic, nicolae_ecumenical_snake_handling,
          dreamdust_mushroom_princess, uniq_sigmund, uniq_crazy_yiuf_cottage

Skill      XL: |  1  2  3 |
---------------+----------+-----
Stealth        | 2 3 |  3.2
Dodging        | 4 |  4.1
Spellcasting   | 4 |  4.0

Action                   |  1- 3 |  4- 6 || total
-------------------------+-------+-------++-------
 Cast: Necrotise         |    65 |    12 ||    77
Armor: Robe              |     5 |       ||     5
Dodge: Dodged            |    19 |     5 ||    24
